Cogmind - Beta 16 @@@ ROGUE MODE // 2025.10.24 @ 16:10:47 Player: Zailor Result: Destroyed by H-61 Shepherd with Heavy Assault Cannon Performance ------------- Evolutions (4) 2000 Regions Visited (10) 2000 Robots Destroyed (83) 415 Value Destroyed (3019) 3019 Prototype IDs (2) 40 Alien Tech Used (0) 0 Bonus (654) 654 TOTAL SCORE: 8128 Bonus ------- High Alert Combat Kills 6 Follower Combat Kills 514 Network Hubs Disabled 200 Friendly Fire -66 Cogmind --------- Core Integrity 0/850 Matter 104/300 Energy 67/100 System Corruption 3% Temperature Cool (0) Movement Core (50) Location -6/Hub_04(d) Parts ------- > --- POWER (2) -------- (None) > --- PROPULSION (4) --- (None) > --- UTILITY (7) ------ Enhanced Optical Array Improved Signal Interpreter > --- WEAPON (2) ------- (None) > --- INVENTORY (5) ---- Improved Treads Wave Gun Shock Bomb Launcher Advanced Datajack Peak State ------------ > --- POWER ------------ Improved Deuterium Engine Fusion Compressor > --- PROPULSION ------- Medium Treads Medium Treads Medium Treads Improved Medium Treads > --- UTILITY ---------- Advanced Heat Sink Advanced Heat Sink Huge Storage Unit Enhanced Optical Array Improved Signal Interpreter Improved Heavy Armor Plating > --- WEAPON ----------- Gatling Laser Coil Gun > --- INVENTORY -------- Enhanced Nuclear Core Matter Compressor Improved Sensor Array IFF Parser Advanced Terrain Scanner Matter Filter Energy Filter Improved Power Shielding Centrium Medium Armor Plating EM Shield Force Field Arc Projector Field Laser Heavy Laser Plasma Rifle Wave Gun Coil Gun Gauss Cannon Gauss Cannon Heavy Flak Cannon Shock Bomb Launcher Shock Bomb Launcher Advanced Datajack Power Sword [Rating: 75] Favorites ----------- Power Improved Deuterium Engine Engine Improved Deuterium Engine Power Core Fusion Compressor Propulsion Armored Treads Treads Armored Treads Wheel Wheel Utility Advanced Heat Sink Device Advanced Heat Sink Storage Huge Storage Unit Processor Improved Signal Interpreter Protection Reactive Plating Weapon Gatling Laser Energy Gun Gatling Laser Ballistic Gun Coil Gun Launcher Shock Bomb Launcher Slashing Weapon Power Sword Build | -11 -10 -9 -9 -8 -7 -6 -6 -6 -6 -6 ------- Run | Yrd Mat Mat Min Mat Fac Fac Ext Cet Arc Hub Slots Evolved 8 | . . 2 . 2 2 2 . . . . Power 1 | . . . . . 1 . . . . . Propulsion 2 | . . . . . . 2 . . . . Utility 5 | . . 2 . 2 1 . . . . . Weapon . | . . . . . . . . . . . Parts Attached 80 | 5 4 15 1 9 12 12 14 2 5 1 Power 10 | 1 . 2 . 1 2 1 2 . 1 . Engine 9 | 1 . 2 . 1 2 1 2 . . . Core 1 | . . . . . . . . . 1 . Reactor . | . . . . . . . . . . . Propulsion 16 | 2 . 3 . 2 1 4 2 . 2 . Treads 11 | . . . . 2 1 4 2 . 2 . Leg . | . . . . . . . . . . . Wheel 5 | 2 . 3 . . . . . . . . Hover . | . . . . . . . . . . . Flight . | . . . . . . . . . . . Utility 32 | 1 2 6 . 4 6 4 6 2 . 1 Device 13 | . 1 2 . 2 3 2 1 1 . 1 Storage 4 | 1 1 1 . . . 1 . . . . Processor 5 | . . 1 . . 3 . 1 . . . Hackware . | . . . . . . . . . . . Protection 10 | . . 2 . 2 . 1 4 1 . . Artifact . | . . . . . . . . . . . Weapon 22 | 1 2 4 1 2 3 3 4 . 2 . Energy Gun 8 | 1 2 . . 1 1 . 2 . 1 . Energy Cannon . | . . . . . . . . . . . Ballistic Gun 7 | . . 3 . 1 1 1 . . 1 . Ballistic Cannon . | . . . . . . . . . . . Launcher 5 | . . 1 1 . . 1 2 . . . Special Weapon . | . . . . . . . . . . . Impact Weapon . | . . . . . . . . . . . Slashing Weapon 2 | . . . . . 1 1 . . . . Piercing Weapon . | . . . . . . . . . . . Special Melee Weapon . | . . . . . . . . . . . Unidentified Prototypes 2 | . . . . . 1 1 . . . . Parts Lost 32 | . . 6 1 3 1 . 9 . 4 8 Power 7 | . . 2 1 . . . 1 . 1 2 Propulsion 7 | . . . . . 1 . 2 . 2 2 Utility 8 | . . 1 . 1 . . 4 . . 2 Weapon 10 | . . 3 . 2 . . 2 . 1 2 Highest Loss Streak 9 | . . 3 1 3 1 . 9 . 2 8 To Critical Strikes . | . . . . . . . . . . . Average Backups 20 | 2 9 14 19 19 19 23 22 24 24 22 Power 1 | . 2 1 . . 1 2 2 2 1 1 Propulsion 3 | . 2 3 6 5 6 2 . 2 1 1 Utility 6 | . 1 1 3 3 3 8 7 9 10 8 Weapon 9 | 1 4 8 10 9 8 10 11 11 11 10 Tool/Special . | . . . . . . . . . . . Unused Backups 36 | . 2 3 . 2 7 2 3 . 1 16 Power 3 | . 1 . . . . . . . . 2 Propulsion 2 | . . . . . 1 . . . . 1 Utility 13 | . . 1 . 1 1 1 3 . . 6 Weapon 17 | . 1 2 . 1 5 1 . . 1 6 Tool/Special 1 | . . . . . . . . . . 1 Average Slot Usage (%) 95 | . 87 96 92 95 96 99 95 95 92 84 Engine 10 | . 14 11 3 7 12 13 12 13 7 5 Treads 18 | . . . . 16 15 25 25 26 25 23 Wheel 4 | . 28 22 22 1 . . . . . . Device 17 | . 3 10 11 20 23 20 19 15 13 10 Storage 7 | . 14 11 11 9 7 6 6 6 6 5 Processor 11 | . . 10 11 9 13 13 10 13 13 13 Protection 7 | . . 8 11 12 7 5 6 6 6 5 Energy Gun 6 | . 27 7 . 8 5 4 6 2 5 5 Ballistic Gun 6 | . . 13 13 8 7 6 2 . 5 5 Launcher 1 | . . . 8 . . . 2 8 . . Peak Build Rating 75 | 5 8 19 21 25 46 68 68 69 75 75 Average Rating 46 | 4 7 13 20 23 35 60 62 68 73 68 On Entrance 36 | . 5 8 19 20 25 46 68 67 69 75 Avg Prop Armor Cover (%) . | . . . . . . . . . . . Naked Turns . | . . . . . . . . . . . Heaviest Build 129 | 10 17 58 63 70 76 121 115 129 129 121 Greatest Support 114 | 20 20 20 20 40 40 82 98 98 114 114 Greatest Overweight (x) 3 | 3 . 2 3 2 1 1 1 1 1 1 Average Overweight (x) 1 | . . 1 2 1 1 . 1 1 1 . Largest Inventory Capacity 25 | 8 10 20 20 20 20 25 25 25 25 25 Average Capacity 21 | 7 9 19 20 20 20 23 25 25 25 23 Most Carried 25 | 6 10 20 20 20 20 25 25 25 25 25 Average Carried 20 | 3 9 14 19 19 19 23 22 24 24 23 Final Capacity 25 | 8 10 20 20 20 20 25 25 25 25 5 Final Carried 25 | 6 10 19 20 20 19 25 24 25 25 4 Class Distribution -------------------- 60% | Mutant 38% | Scavenger-Mutant Dominant Class ---------------- Mutant | -10/Materials Mutant | -9/Materials Mutant | -9/Mines Scavenger-Mutant | -8/Materials Mutant | -7/Factory Mutant | -6/Factory Mutant | -6/Extension Scavenger-Mutant | -6/Cetus Scavenger-Mutant | -6/Archives Mutant | -6/Hub_04(d) Resources | -11 -10 -9 -9 -8 -7 -6 -6 -6 -6 -6 ----------- Run | Yrd Mat Mat Min Mat Fac Fac Ext Cet Arc Hub Matter Collected 3036 | 250 90 273 34 304 118 393 776 150 315 333 Remotely . | . . . . . . . . . . . Salvage Created 3502 | 84 149 428 88 255 118 555 755 358 315 397 Parts 183 | 3 8 28 4 12 7 28 51 14 13 15 Haulers Intercepted 4 | . 1 . . . . . 1 . . 2 Recyclers Shooed 4 | . . . . . . 4 . . . . Parts Field Recycled . | . . . . . . . . . . . Retrieved Matter . | . . . . . . . . . . . Parts Self-Destructed . | . . . . . . . . . . . Prevented . | . . . . . . . . . . . Parts Restored . | . . . . . . . . . . . Kills | -11 -10 -9 -9 -8 -7 -6 -6 -6 -6 -6 ------- Run | Yrd Mat Mat Min Mat Fac Fac Ext Cet Arc Hub Combat Hostiles Destroyed 56 | . 2 17 2 4 3 7 11 4 4 2 Guns 39 | . 2 13 . 4 3 5 8 . 4 . AOE 13 | . . 4 2 . . 2 3 . . 2 Classes Destroyed 14 | 1 2 3 . 1 2 3 2 . . . Worker 11 | . . . . . . 3 5 . . 3 Builder 5 | . . . . . . 2 2 . . 1 Hauler 4 | . 1 . . . . . 1 . . 2 Recycler 2 | 1 . . . . . 1 . . . . Operator 2 | . . . . 1 . . . . 1 . Watcher 3 | . . . . . . . 1 1 . 1 Swarmer 14 | . . 11 . . . . 3 . . . Grunt 17 | . 2 3 2 2 . 4 2 . . 2 Brawler 2 | . . 1 . 1 . . . . . . Duelist 1 | . . . . . . 1 . . . . Sentry 11 | . . 2 . 1 . . 4 . 4 . Hunter 1 | . . . . . 1 . . . . . Programmer 4 | . . . . . 2 2 . . . . Behemoth 2 | . . . . . . . 2 . . . Cetus Guard 4 | . . . . . . . . 4 . . Best Kill Streak 11 | 1 2 4 2 3 1 7 11 5 2 9 Combat Bots Only 4 | . 2 4 2 3 1 3 3 4 1 2 Max Kills in Single Turn 8 | 1 1 4 1 1 1 6 2 2 1 8 Gunslinging . | . . . . . . . . . . . Exploded 4 | . . 4 1 . . 2 1 . . 2 Melee . | . . . . . . . . . . . Uniques/NPCs Destroyed . | . . . . . . . . . . . Combat | -11 -10 -9 -9 -8 -7 -6 -6 -6 -6 -6 -------- Run | Yrd Mat Mat Min Mat Fac Fac Ext Cet Arc Hub Hostile Shots Fired 587 | . 3 85 6 26 50 32 250 8 57 70 Missed 187 | . . 21 1 3 10 9 104 2 17 20 Hits 400 | . 3 64 5 23 40 23 146 6 40 50 Melee 10 | . . 2 . 6 . 2 . . . . Projectile 390 | . 3 62 5 17 40 21 146 6 40 50 AOE 7 | . . . 7 . . . . . . . Critical Strikes 15 | . . 1 . . 2 2 4 . 3 3 Actively Blocked 1 | . . . . . . . 1 . . . Damage Taken 6913 | . 53 669 260 450 459 463 2481 170 944 964 Core 1077 | . . 66 16 88 36 . 397 27 92 355 Absorbed by Shields 327 | . . . . . . . 327 . . . Redirected to Shielding 178 | . . . . . . 75 103 . . . Ignored by Resistances 105 | . . 24 . 8 73 . . . . . Core Remaining (%) 91 | 100 100 . 79 84 94 . . . . . Volleys Fired 176 | 4 8 45 4 15 10 21 39 5 24 1 Largest 2 | 1 2 2 1 2 2 2 2 2 2 1 Hottest 155 | 40 80 80 36 65 103 110 155 80 110 30 Shots Fired 329 | 4 16 89 4 28 22 35 73 9 48 1 Gun 294 | 4 16 88 . 27 22 29 58 1 48 1 Cannon . | . . . . . . . . . . . Launcher 35 | . . 1 4 1 . 6 15 8 . . Special . | . . . . . . . . . . . Kinetic 140 | . . 57 . 14 11 14 19 . 24 1 Thermal 93 | . 8 7 . . 11 15 39 1 12 . Explosive 9 | . . 1 . . . . 8 . . . Electromagnetic 87 | 4 8 24 4 14 . 6 7 8 12 . Robot Hit Streak 20 | 3 10 17 2 19 20 16 17 6 19 . Robot Miss Streak 3 | 1 . 2 1 2 2 2 3 . 3 . Penetration Max 1 | . . . . . . . . . 1 . Secondary Targets 6 | . . 2 . . . . 4 . . . Max Gunslinging Chain 1 | . . 1 . . . . 1 . . . Shots Hit Robots 240 | 3 7 61 2 21 19 24 62 4 37 . Core Hits 176 | 2 5 29 3 10 7 29 50 10 21 10 Critical Kills 1 | . . . . . . . . . 1 . Critical Parts Destroyed 1 | . . . . . . . . . 1 . Critical Strikes 5 | . . 2 . . . . 1 . 2 . Burn 1 | . . . . . . . 1 . . . Destroy 2 | . . . . . . . . . 2 . Corrupt 2 | . . 2 . . . . . . . . Melee Attacks 31 | . . . . . 2 17 2 10 . . Impact . | . . . . . . . . . . . Slashing 31 | . . . . . 2 17 2 10 . . Piercing . | . . . . . . . . . . . Sneak Attacks 1 | . . . . . . . 1 . . . Combat Hostiles . | . . . . . . . . . . . Follow-up Attacks . | . . . . . . . . . . . Damage Inflicted 7879 | 37 86 711 123 307 381 1465 2319 556 833 1061 Guns 3936 | 37 86 589 . 307 381 633 1070 . 833 . Cannons . | . . . . . . . . . . . Explosions 3859 | . . 122 123 . . 814 1183 556 . 1061 Melee 66 | . . . . . . . 66 . . . Ramming 18 | . . . . . . 18 . . . . Kinetic 1431 | . . 309 . 161 127 219 229 . 386 . Thermal 2392 | . 32 69 . . 254 819 868 . 350 . Explosive 1018 | . . 122 . . . . 896 . . . Electromagnetic 2954 | 37 54 211 123 146 . 409 260 556 97 1061 Impact . | . . . . . . . . . . . Slashing 66 | . . . . . . . 66 . . . Piercing . | . . . . . . . . . . . Highest Corruption 4 | . . 2 2 4 1 . 1 1 1 3 Average Corruption 1 | . . 2 2 4 1 . 1 1 1 1 Corruption Purged . | . . . . . . . . . . . Corruption Blocked . | . . . . . . . . . . . Effects 47 | . . 9 4 17 5 . 5 2 . 5 Message Errors 11 | . . 3 1 2 1 . . 2 . 2 Matter Fused 10 | . . 4 2 4 . . . . . . Heat Flow Errors 9 | . . 1 1 5 . . 2 . . . Energy Discharges 5 | . . 1 . 2 . . 1 . . 1 Parts Rejected 1 | . . . . 1 . . . . . . Parts Fused 2 | . . . . 1 . . . . . 1 Data Loss (minor) 3 | . . . . . . . 2 . . 1 Data Loss (major) 2 | . . . . 1 1 . . . . . Misfires 3 | . . . . 1 2 . . . . . Alerts 1 | . . . . . 1 . . . . . Overload Shots . | . . . . . . . . . . . Overflow Damage 250 | . . . . . . 98 53 . . 99 Projectiles . | . . . . . . . . . . . Explosions 221 | . . . . . . 95 27 . . 99 Melee 29 | . . . . . . 3 26 . . . Knockbacks . | . . . . . . . . . . . Impact . | . . . . . . . . . . . Kinetic . | . . . . . . . . . . . Secondary . | . . . . . . . . . . . Self-Inflicted Damage 142 | . . . . 25 . . . 8 . 109 Shots 3 | . . . . 1 . . . 1 . 1 Rammed 1 | . . . . . . 1 . . . . Targets Rammed 1 | . . . . . . 1 . . . . Kicked . | . . . . . . . . . . . Crushed . | . . . . . . . . . . . Highest Temperature 249 | . 48 196 189 232 . . 249 . 15 . Average Temperature 43 | . 28 31 106 73 . . 34 . 9 . Received Heat Transfer 1324 | . 18 207 6 135 . 135 529 36 171 87 Siege Activations . | . . . . . . . . . . . Martial Activations . | . . . . . . . . . . . Shielding Activations . | . . . . . . . . . . . Robots Disrupted . | . . . . . . . . . . . Combat Hostiles . | . . . . . . . . . . . Robots Corrupted 6 | . . . . . . 1 . 4 . 1 Combat Hostiles 4 | . . . . . . . . 4 . . Parts Fried 9 | . . 1 . . . 2 1 1 1 3 Impact Corruptions 1 | . . . . . . 1 . . . . Robots Melted . | . . . . . . . . . . . Combat Hostiles . | . . . . . . . . . . . Parts Melted 7 | . . . . . 1 2 2 . 2 . Heat Transferred 4661 | . 75 150 . . 525 1150 1986 . 775 . Parts Sabotaged . | . . . . . . . . . . . Parts Stolen . | . . . . . . . . . . . Parts Stripped . | . . . . . . . . . . . Power Chain Reactions 2 | . . . 1 . . . 1 . . . Alert | -11 -10 -9 -9 -8 -7 -6 -6 -6 -6 -6 ------- Run | Yrd Mat Mat Min Mat Fac Fac Ext Cet Arc Hub Maximum Alert Level 2 | . . 1 . . . 1 2 . . 1 Low Security (%) 87 | 100 100 97 100 100 100 79 42 100 100 89 Level 1 12 | . . 2 . . . 20 53 . . 10 Level 2 . | . . . . . . . 3 . . . Level 3 . | . . . . . . . . . . . Level 4 . | . . . . . . . . . . . Level 5 . | . . . . . . . . . . . High Security . | . . . . . . . . . . . Max Security . | . . . . . . . . . . . Peak Influence 405 | 5 50 205 69 50 30 229 405 159 25 359 Initial 159 | . 3 3 47 . . . 105 159 . . Average 66 | . 8 123 26 5 3 54 248 70 2 34 Influence Increases 2598 | 5 57 452 72 146 106 363 816 92 86 403 Destroy 0b10 Robot/C 1380 | . 40 340 40 80 60 140 480 80 80 40 Destroy 0b10 Robot/NC 150 | 5 5 . . 5 . 30 60 5 5 35 Destroy Leader 242 | . 12 60 . 20 30 40 74 . . 6 Allied During Kill 130 | . . . . . . . 130 . . . Successful Hack 86 | . . 16 . 26 14 16 7 . . 7 Disable Machine 300 | . . . . 15 . 90 45 . . 150 Destroy Structure 220 | . . 6 2 . 2 32 20 7 1 150 Lose Combat Pursuer 90 | . . 30 30 . . 15 . . . 15 Influence Decreases 2292 | . 52 340 194 146 106 146 748 377 86 97 Entered New Map 322 | . 2 7 75 . . . 112 126 . . Time Decay 1625 | . 50 273 109 131 106 146 446 251 86 27 Lost Part 245 | . . 60 10 15 . . 90 . . 70 Lost Ally 100 | . . . . . . . 100 . . . Squads Dispatched 12 | . 2 . . . 4 3 1 . . 2 Investigation 2 | . 1 . . . 1 . . . . . Extermination 5 | . . . . . 2 2 . . . 1 Reinforcement 5 | . 1 . . . 1 1 1 . . 1 Assault . | . . . . . . . . . . . Garrison . | . . . . . . . . . . . Intercept . | . . . . . . . . . . . Searches Triggered . | . . . . . . . . . . . Construction Impeded 1 | . . . . . . 1 . . . . Haulers Reinforced . | . . . . . . . . . . . Active Scanning Responses . | . . . . . . . . . . . Cargo Convoy Interrupts . | . . . . . . . . . . . Stealth | -11 -10 -9 -9 -8 -7 -6 -6 -6 -6 -6 --------- Run | Yrd Mat Mat Min Mat Fac Fac Ext Cet Arc Hub Distress Signals 5 | . 1 1 . 1 . 1 1 . . . Communications Jammed . | . . . . . . . . . . . Distress Signals . | . . . . . . . . . . . Times Spotted 123 | . 5 27 5 11 12 11 29 4 6 13 Peak Tracking Total 10 | . 2 5 3 3 5 3 6 5 1 10 Tactical Retreats 4 | . . 1 1 . . 1 . . . 1 Traps | -11 -10 -9 -9 -8 -7 -6 -6 -6 -6 -6 ------- Run | Yrd Mat Mat Min Mat Fac Fac Ext Cet Arc Hub Traps Triggered 8 | . 2 . . . 1 . 2 . . 3 Indirectly 3 | . . . . . . . . . . 3 Trap Hack Attempts . | . . . . . . . . . . . Triggered . | . . . . . . . . . . . Disarmed . | . . . . . . . . . . . Reprogrammed . | . . . . . . . . . . . Reused . | . . . . . . . . . . . Traps Extracted . | . . . . . . . . . . . Installed . | . . . . . . . . . . . Triggered . | . . . . . . . . . . . Machines | -11 -10 -9 -9 -8 -7 -6 -6 -6 -6 -6 ---------- Run | Yrd Mat Mat Min Mat Fac Fac Ext Cet Arc Hub Machines Disabled 20 | . . . . 1 . 6 3 . . 10 Max in Single Turn 10 | . . . . 1 . 4 . . . 10 Garrison Access 1 | . . . . . . 1 . . . . Network Hub 1 | . . . . . . . . . . 1 Energy Cycler 2 | . . . . . . . 2 . . . Machines Repaired . | . . . . . . . . . . . Machines Dismantled . | . . . . . . . . . . . Machines Sabotaged . | . . . . . . . . . . . Overloaded Fab Kills . | . . . . . . . . . . . Hacking | -11 -10 -9 -9 -8 -7 -6 -6 -6 -6 -6 --------- Run | Yrd Mat Mat Min Mat Fac Fac Ext Cet Arc Hub Machines Accessed 36 | . 3 5 . 8 4 7 5 1 1 2 Terminals 30 | . 3 5 . 7 2 5 5 1 . 2 Fabricators 1 | . . . . . 1 . . . . . Repair Stations 1 | . . . . . . 1 . . . . Recycling Units 1 | . . . . . 1 . . . . . Scanalyzers 1 | . . . . 1 . . . . . . Garrison Access 1 | . . . . . . 1 . . . . Total Hacks 132 | . 6 13 . 49 8 15 11 2 25 3 Successful 68 | . . 4 . 25 2 4 7 . 25 1 Failed 63 | . 6 9 . 23 6 11 4 2 . 2 Catastrophic 13 | . 2 1 . 5 1 2 . 2 . . Database Lockouts 1 | . . . . 1 . . . . . . Manual 33 | . 2 3 . 10 3 8 6 . . 1 Terminals 81 | . 6 13 . 30 4 12 11 2 . 3 Fabricators 2 | . . . . . 2 . . . . . Repair Stations 2 | . . . . . . 2 . . . . Recycling Units 2 | . . . . . 2 . . . . . Scanalyzers 19 | . . . . 19 . . . . . . Garrison Access 1 | . . . . . . 1 . . . . Terminal Hacks 43 | . . 3 . 6 1 3 4 . 25 1 Record 25 | . . . . . . . . . 25 . Robot Analysis 1 | . . . . . . . . . . 1 Open Door 3 | . . . . . . . 3 . . . Open DSF 1 | . . . . . . 1 . . . . Level Access Points 2 | . . 1 . 1 . . . . . . Branch Access Points 2 | . . . . 1 . 1 . . . . Terminal Index 2 | . . . . 1 1 . . . . . Locate Traps 4 | . . 1 . 1 . 1 1 . . . Zone Layout 3 | . . 1 . 2 . . . . . . Fabricator Hacks . | . . . . . . . . . . . Repair Station Hacks . | . . . . . . . . . . . Recycling Unit Hacks 1 | . . . . . 1 . . . . . Report Inventory 1 | . . . . . 1 . . . . . Scanalyzer 15 | . . . . 15 . . . . . . Insert Component 2 | . . . . 2 . . . . . . Analyze 1 | . . . . 1 . . . . . . Retrieve Study 12 | . . . . 12 . . . . . . Garrison Access Hacks 1 | . . . . . . 1 . . . . Seal Access 1 | . . . . . . 1 . . . . Unauthorized Hacks 8 | . . 1 . 4 . . 3 . . . Terminals 8 | . . 1 . 4 . . 3 . . . Track 1 | . . . . . . . 1 . . . Botnet 5 | . . 1 . 3 . . 1 . . . Operators 2 | . . . . 1 . . 1 . . . Fabricators . | . . . . . . . . . . . Repair Stations . | . . . . . . . . . . . Recycling Units . | . . . . . . . . . . . Scanalyzers . | . . . . . . . . . . . Garrison Access . | . . . . . . . . . . . Data Cores Recovered 1 | . . . . 1 . . . . . . Used 1 | . . . . 1 . . . . . . Hacking Detections 31 | . 3 5 . 8 4 5 3 1 . 2 Full Trace Events 2 | . . . . 1 1 . . . . . Feedback Events . | . . . . . . . . . . . Feedback Blocked . | . . . . . . . . . . . Robot Schematics Acquired . | . . . . . . . . . . . Robots Built . | . . . . . . . . . . . Authchips . | . . . . . . . . . . . Time . | . . . . . . . . . . . Total Robot Build Rating . | . . . . . . . . . . . Part Schematics Acquired 1 | . . . . 1 . . . . . . Parts Built . | . . . . . . . . . . . Authchips . | . . . . . . . . . . . Time . | . . . . . . . . . . . Total Part Build Rating . | . . . . . . . . . . . Part Studies Acquired 12 | . . . . 12 . . . . . . Parts Repaired . | . . . . . . . . . . . Time . | . . . . . . . . . . . Parts Recycled . | . . . . . . . . . . . Recycled Matter . | . . . . . . . . . . . Retrieved Matter . | . . . . . . . . . . . Retrieved Components . | . . . . . . . . . . . Parts Scanalyzed 1 | . . . . 1 . . . . . . Part Schematics Acquired 1 | . . . . 1 . . . . . . Parts Damaged . | . . . . . . . . . . . Bothacking | -11 -10 -9 -9 -8 -7 -6 -6 -6 -6 -6 ------------ Run | Yrd Mat Mat Min Mat Fac Fac Ext Cet Arc Hub Used RIF Installer . | . . . . . . . . . . . Robots Hacked . | . . . . . . . . . . . Non-combat . | . . . . . . . . . . . Combat . | . . . . . . . . . . . Robot Hacks Applied . | . . . . . . . . . . . Relay Couplers Released . | . . . . . . . . . . . Fabnet Peak Effective % . | . . . . . . . . . . . Robots Rewired 4 | . . . . . . . 4 . . . Allies Hacked . | . . . . . . . . . . . Hacks Repelled . | . . . . . . . . . . . Allies | -11 -10 -9 -9 -8 -7 -6 -6 -6 -6 -6 -------- Run | Yrd Mat Mat Min Mat Fac Fac Ext Cet Arc Hub Total Allies 5 | . . . . . . . 5 . . . Largest Group 5 | . . . . . . . 5 . . . Highest-Rated Group 280 | . . . . . . . 280 . . . Highest-Rated Ally 159 | . . . . . . . 159 . . . Total Orders . | . . . . . . . . . . . Ally Attacks 106 | . . . . . . . 106 . . . Total Damage 2533 | . . . . . . . 2533 . . . Kills 16 | . . . . . . . 16 . . . Allies Corrupted . | . . . . . . . . . . . Allies Melted . | . . . . . . . . . . . Intel | -11 -10 -9 -9 -8 -7 -6 -6 -6 -6 -6 ------- Run | Yrd Mat Mat Min Mat Fac Fac Ext Cet Arc Hub Active Infowar (turns) 5887 | . . . . 411 1278 1457 1106 606 648 381 Optics 1789 | . . . . . . . 154 606 648 381 IFF 119 | . . . . . . . . . . 119 Terrain 4483 | . . . . 411 1278 1457 1106 231 . . Robot Analysis Total 1 | . . . . . . . . . . 1 Derelict Logs Recovered 1 | . . . 1 . . . . . . . Drone Launches . | . . . . . . . . . . . Drone Recoveries . | . . . . . . . . . . . Exploration | -11 -10 -9 -9 -8 -7 -6 -6 -6 -6 -6 ------------- Run | Yrd Mat Mat Min Mat Fac Fac Ext Cet Arc Hub Turns Passed 7735 | 75 287 688 306 903 1278 1457 1106 606 648 381 Spaces Moved 3653 | 64 303 450 264 333 498 676 412 239 218 196 Core 69 | 17 . . . . . . . . . 52 Treads 2466 | . . . . 279 498 676 412 239 218 144 Legs . | . . . . . . . . . . . Wheels 1118 | 47 303 450 264 54 . . . . . . Hover . | . . . . . . . . . . . Flight . | . . . . . . . . . . . Fastest Speed 50 | 50 80 80 110 110 225 167 203 225 225 50 Average Speed 180 | 84 80 106 112 218 239 192 213 225 237 189 Slowest Speed 240 | 200 80 110 125 240 240 217 225 225 240 240 Overloaded Moves . | . . . . . . . . . . . Propulsion Burnouts . | . . . . . . . . . . . Robots Hopped . | . . . . . . . . . . . Potential Cave-ins 7 | . . . . . . 2 . 5 . . Cave-ins Triggered 1 | . . . . . . . 1 . . . Exploration Rate (%) 46 | 3 54 50 66 24 16 18 69 75 99 34 Regions Visited 10 Branch Regions 5 Pre-discovered Areas . | . . . . . . . . . . . Known Exits Taken 7 | . . . 1 1 1 1 1 1 1 . Unknown Exits Taken 3 | 1 1 1 . . . . . . . . Scrap Searched 2 | . . . 2 . . . . . . . Spaces Dug 19 | . . . . . 2 6 1 10 . . Terrain Destroyed 246 | . . 6 2 . 2 44 5 10 . 177 Melee 19 | . . . . . 2 6 1 10 . . Projectile 2 | . . . . . . 1 1 . . . AOE 225 | . . 6 2 . . 37 3 . . 177 Terrain Rammed . | . . . . . . . . . . . Walls Destroyed . | . . . . . . . . . . . Machines Disabled . | . . . . . . . . . . . Actions | -11 -10 -9 -9 -8 -7 -6 -6 -6 -6 -6 --------- Run | Yrd Mat Mat Min Mat Fac Fac Ext Cet Arc Hub Total 4417 | 78 333 581 269 484 561 765 554 284 299 209 Wait 275 | . 8 41 . 110 15 5 32 18 45 1 Move 3643 | 63 302 449 263 332 497 675 411 238 217 196 Hop . | . . . . . . . . . . . Pick Up 82 | 6 6 17 1 9 11 15 7 4 5 1 Fast Attach 24 | 5 3 5 . 5 2 1 3 . . . Attach 30 | . . 5 . 3 3 4 7 2 4 2 Detach 8 | . 1 2 . 1 . 1 . 1 . 2 Swap 49 | . 1 7 1 2 7 15 10 3 3 . Drop 59 | . 4 10 . 7 12 10 6 3 1 6 Fire 176 | 4 8 45 4 15 10 21 39 5 24 1 Melee 31 | . . . . . 2 17 2 10 . . Ram . | . . . . . . . . . . . Kick . | . . . . . . . . . . . Crush 1 | . . . . . . 1 . . . . Escape Stasis 4 | . . . . . 2 . 2 . . . Rewire 35 | . . . . . . . 35 . . . Trap . | . . . . . . . . . . . Miscellaneous . | . . . . . . . . . . . Route ------- -11/Scrapyard -10/Materials (discovered 2 exits: *Mat x2) -9/Materials (discovered 4 exits: *Mat x3 / [*Min]) -9/Mines -8/Materials (discovered 3 exits: *Fac x3) -7/Factory -6/Factory (discovered 5 exits: *Fac / Low x2 / *Ext x2) -6/Extension (discovered 3 exits: *Fac x2 / *Cet) -6/Cetus (discovered 2 exits: *Fac / *Arc) -6/Archives (discovered 3 exits: *Fac / *Hub x2) -6/Hub_04(d) (discovered 2 exits: *Fac x2) History --------- Turn | Location | Event 30 | -11/Scrapyard | Discovered new exit (range 15) 76 | -11/Scrapyard | Entered Materials 77 | -10/Materials | Met a group of wandering Federalists 302 | -10/Materials | Discovered new exit (range 12) 317 | -10/Materials | Build established: Mutant 337 | -10/Materials | Discovered new exit (range 9) 363 | -10/Materials | Entered another Materials area 363 | -9/Materials | Evolved 2 slots: Utility x2 583 | -9/Materials | Discovered new exit (range 15) 848 | -9/Materials | Identified exit to Materials 1008 | -9/Materials | Lost 3 parts (1p1u1w) 1041 | -9/Materials | Discovered new exit (range 10) 1051 | -9/Materials | Entered Mines 1083 | -9/Mines | Learned location of 2 exits from Materials 1087 | -9/Mines | Met a Derelict bent on vengeance 1127 | -9/Mines | Assembled infested the area 1132 | -9/Mines | Assisted by a Guerilla fighting off Assembled 1301 | -9/Mines | Discovered exit to Materials (range 6) 1357 | -9/Mines | Entered Materials 1357 | -8/Materials | Evolved 2 slots: Utility x2 1358 | -8/Materials | Identified exit to Factory 1492 | -8/Materials | Lost 3 parts (1u2w) 1652 | -8/Materials | Central database locked down 1722 | -8/Materials | Build established: Scavenger-Mutant 2260 | -8/Materials | Entered Factory 2260 | -7/Factory | Evolved 2 slots: Power x1, Utility x1 2713 | -7/Factory | Build established: Mutant 3505 | -7/Factory | Discovered new exit (range 12) 3536 | -7/Factory | Identified exit to Factory 3538 | -7/Factory | Entered another Factory area 3538 | -6/Factory | Evolved 2 slots: Propulsion x2 4184 | -6/Factory | Identified exit to Lower Caves 4184 | -6/Factory | Identified exit to Extension 4577 | -6/Factory | Discovered new exit (range 19) 4995 | -6/Factory | Entered Extension 5098 | -6/Extension | Energy Cycler disabled 5098 | -6/Extension | Rescued a captive Derelict 5099 | -6/Extension | Rescued A7 5100 | -6/Extension | Rescued a captive Derelict 5100 | -6/Extension | Rescued a captive Derelict 5513 | -6/Extension | Crushed by falling debris 5513 | -6/Extension | Spotted B-75 Beast 5523 | -6/Extension | Spotted B-75 Beast 5545 | -6/Extension | Destroyed B-75 Beast 5550 | -6/Extension | Discovered new exit (range 15) 5577 | -6/Extension | Destroyed B-75 Beast 5589 | -6/Extension | Lost 3 allies 5596 | -6/Extension | Lost 9 parts (1p2n4u2w) 5620 | -6/Extension | Disrupted transfer network 5687 | -6/Extension | Identified exit to Factory 5725 | -6/Extension | Extracted ID and sensor layout for unrecognized location from A7's data core 5968 | -6/Extension | Build established: Scavenger-Mutant 6013 | -6/Extension | Discovered exit to Factory (range 22) 6013 | -6/Extension | Discovered new exit (range 22) 6071 | -6/Extension | Identified exit to Cetus 6101 | -6/Extension | Entered Cetus 6148 | -6/Cetus | Spotted Cetus Guard 6148 | -6/Cetus | Spotted Cetus Guard 6148 | -6/Cetus | Spotted Cetus Guard 6148 | -6/Cetus | Spotted Cetus Guard 6240 | -6/Cetus | Discovered exit to Factory (range 22) 6368 | -6/Cetus | Destroyed Cetus Guard 6371 | -6/Cetus | Destroyed Cetus Guard 6371 | -6/Cetus | Destroyed Cetus Guard 6372 | -6/Cetus | Destroyed Cetus Guard 6578 | -6/Cetus | Discovered new exit (range 22) 6623 | -6/Cetus | Identified exit to Archives 6707 | -6/Cetus | Entered Archives 6826 | -6/Archives | Core integrity fell below 50% 6980 | -6/Archives | Discovered new exit (range 22) 7075 | -6/Archives | Unable to access archive contents 7108 | -6/Archives | Unable to access archive contents 7123 | -6/Archives | Discovered exit to Factory (range 18) 7139 | -6/Archives | Unable to access archive contents 7219 | -6/Archives | Discovered new exit (range 19) 7235 | -6/Archives | Unable to access archive contents 7271 | -6/Archives | Identified exit to Hub_04(d) 7355 | -6/Archives | Entered Hub_04(d) 7697 | -6/Hub_04(d) | Network Hub disabled 7697 | -6/Hub_04(d) | Spotted B-75 Beast 7722 | -6/Hub_04(d) | Discovered exit to Factory (range 17) 7722 | -6/Hub_04(d) | Spotted Lightning 7726 | -6/Hub_04(d) | Discovered exit to Factory (range 19) 7727 | -6/Hub_04(d) | Core integrity fell below 20% 7736 | -6/Hub_04(d) | Destroyed by H-61 Shepherd with Heavy Assault Cannon Last Messages --------------- 07698_ Imp. Deuterium Engine destroyed. 07704_ Acquired 9 matter. 07704_ Fusion Compressor destroyed. 07707_ Imp. Medium Treads destroyed. 07708_ Dropped Huge Storage Unit. 07708_ Dropped Med. Treads. 07709_ Dropped Coil Gun. 07710_ Dropped Force Field. 07710_ Power Sword destroyed. 07710_ Acquired 9 matter. 07711_ Acquired 51 matter. 07715_ ALERT: Suspicious intruders detected, dispatching Cutter reinforcements to area. [Achievement: Heavy Suspicion] 07722_ EXIT=FOUND: FACTORY 07728_ Adv. Heat Sink destroyed. 07734_ System corrupted: Energy discharge (-32). 07734_ U-05 Engineer destroyed. 07734_ Acquired 14 matter. 07735_ K-01 Serf collects debris. Map ----- +----------------------------------------------------+ | " " #?### ## """"#????????????? | | " " ##### ## #????????????? | | ![ " " ######/#####????????????? | | !!]= *= ##### #?????? ???????????????? | | ![!%[=%== #???# #???????? ?????????????? | | [!]=[%"/[ #???# ??????? ???????????? | | !"]] ="= #???# ####???????? #??????????? | | *![ !"[] #???# #???????????????????????? | | !=# ""###"""""#???# #???????????????????????? | | ### " #?# #???# #???????????????????????? | | " #?# #???# #???????????????????????? | | " #?# ???????????????????????? | | # ##?################??????????????????????? | | ###????????????????????????????????????????? | | #??????????????????????????????????????????? | | #???????????###########????????????????????? | | ### #???????????# #????????????????????? | | ### #???????????#"""" #????????????????????? | | # +???????????#"""" #????????????????????? | | =# #???????????#"""" #????????????????????? | | # #???????????#"""" #????????????????????? | | *# #???????????# ?????????????????????? | | ### #???????????# ???????????????????????? | | ## ##??????????? ?????????????????????????? | | #[ ##############+############ #?????????? | | # k u p = ! @ RR Y +??????? | | + R % Y s s k *H ku####### #?????????? | | # s k % #?????????????????????? | | # #####################?????????????????????? | | ###+###?????????????????????????????????????????? | | # ??????????????????????????????????????????? | | # """ * ????????????????????????????????????????? | | # #???????????????????????????????????????? | | # """ ""#???????????????????????????????????????? | | # ""#???????????????????????????????????????? | | # """ ""#???????????????????????????????????????? | | ## T#???????????????????????????????????????? | | ?# """ ""#???????????????????????????????????????? | | ?# ""#???????????????????????????????????????? | | ?# """ ""#???????????????????????????????????????? | | ?# #???????????????????????????????????????? | | ?##???##?????????????????????????????????????????? | | ?????????????????????????????????????????????????? | | ?????????????????????????????????????????????????? | | ?????????????????????????????????????????????????? | | ?????????????????????????????????????????????????? | | ?????????????????????????????????????????????????? | | ?????????????????????????????????????????????????? | | ?????????????????????????????????????????????????? | | ?????????????????????????????????????????????????? | +----------------------------------------------------+ Best States ------------- Heat Dissipation 75 Coolant Potential 65 Energy Generation 36 Energy Capacity 480 Matter Stores 300 Matter Capacity 300 Sight Range 22 Terrain Scan Range 20 Terrain Scan Density 210 Armor Coverage 600 Resistance: KI 20 Power Shielding 66 Propulsion Shielding 90 Evasion (%) 50 Recoil Reduction 4 Item Schematics ----------------- Reactive Plating | -8/Materials | Scanalyzed Robot Schematics ------------------ None Fabricated ------------ Nothing Repaired ---------- Nothing Studied --------- Rocket Launcher | -8/Materials | Hacked Arm. Treads | -8/Materials | Hacked Hvy. Assault Rifle | -8/Materials | Hacked EM Pulse Gun | -8/Materials | Hacked Katana | -8/Materials | Hacked Adv. Treads | -8/Materials | Hacked Wheel | -8/Materials | Hacked Shock Bomb Launcher | -8/Materials | Hacked Rnf. Ion Engine | -8/Materials | Hacked Grenade Launcher | -8/Materials | Hacked Lgt. Assault Rifle | -8/Materials | Hacked Beam Rifle | -8/Materials | Hacked Alien Tech Used ----------------- None Achievements -------------- DATA ERROR: Steam Global Achievement% For Emergencies Only Heavy Suspicion I Have A Map? Item+ Organ Harvest Overwhelming Spot Them First That Tickles There's More Where That Came From Throw Away The Key Challenges ------------ None Game ------ Seed ArmoredTransportParser Manual? 0 Play Time 01:22:44 Cumulative 149.6 hours Start 2025.10.22 @ 11:21:08 End 2025.10.24 @ 16:10:47 Sessions 3 Manual Loads 0 Difficulty Rogue Special Mode None Game No. 143 Rogue 143 Adventurer 0 Explorer 0 Win Type - Total 5 Types 4/0/0/1/0/0/0/0/0/0 Lore% 35 Gallery% 51 Achievement% 31 Wizard Run 0 Options --------- Layout 0 ASCII 0 Keyboard 1 Movement Vi Keybinds 0 Fullscreen 1 Font 24/Terminus Map View 76x50 Zoom Use 0% Tactical HUD 1 Map Filters NONE Filters NONE Steam 1 RUN: dfde8a03-e1f4-4557-8902-358bd743ac4c